 Dungeon Crawl Stone Soup version 0.28-a0-297-g99b01970c5 (webtiles) character file.

Game seed: 3818849173298634459

1892 McIrco the Skirmisher (level 9, -2/74 HPs)
             Began as a Human Cinder Acolyte on Aug 29, 2021.
             Was a Believer of Ignis.
             Slain by Joseph (13 damage)
             ... on level 7 of the Dungeon.
             The game lasted 00:07:30 (5888 turns).

McIrco the Skirmisher (Human Cinder Acolyte)        Turns: 5888, Time: 00:07:30

Health: -2/74      AC:  7    Str: 18    XL:     9   Next: 37%
Magic:  10/10      EV: 17    Int: 14    God:    Ignis [**....]
Gold:   199        SH:  4    Dex:  9    Spells: 9/10 levels left

rFire   + . .      SeeInvis .   a - -1 hand axe (flame)
rCold   . . .      Faith    .   f - +0 buckler
rNeg    . . .      Spirit   .   d - +0 leather armour
rPois   .          Reflect  .   h - +1 helmet
rElec   .          Harm     .   (no cloak)
rCorr   .          Rampage  .   e - +0 pair of gloves
Will    +....                   (no boots)
Stlth   +.........              (no amulet)
HPRegen 0.22/turn               c - +4 ring of evasion
MPRegen 0.12/turn               g - ring of willpower

@: no status effects
A: no striking features
a: Renounce Religion, Sea of Fire, Foxfire Swarm, Rising Flame


You were on level 7 of the Dungeon.
You worshipped Ignis.
Ignis was pleased with you.
You visited 1 branch of the dungeon, and saw 7 of its levels.
You also visited: Ossuary.

You collected 199 gold pieces.

Inventory:

Hand Weapons
 a - a -1 hand axe of flaming (weapon)
Armour
 b - a +0 robe
 d - a +0 leather armour (worn)
 e - a +0 pair of gloves (worn)
 f - a +0 buckler (worn)
 h - a +1 helmet (worn)
 o - a scarf of shadows
Jewellery
 c - a +4 ring of evasion (left hand)
 g - a ring of willpower (right hand)
 n - a +6 ring of intelligence
Scrolls
 j - 2 scrolls of identify
 m - 5 scrolls of teleportation
 p - a scroll of holy word {unknown}
 q - a scroll of summoning {unknown}
 s - 2 scrolls of enchant weapon {unknown}
 x - 2 scrolls of magic mapping
 y - a scroll of immolation {unknown}
 z - a scroll of noise {unknown}
Potions
 i - 5 potions of curing
 k - 2 potions of brilliance {unknown}
 l - a potion of haste {unknown}
 r - a potion of magic {unknown}
 t - a potion of attraction {unknown}
 u - 3 potions of lignification {unknown}
 v - a potion of flight {unknown}
 A - a potion of cancellation {unknown}
Miscellaneous
 w - a tin of tremorstones (inert)


   Skills:
 + Level 7.8 Fighting
 - Level 3.0 Axes
 + Level 4.8 Armour
 + Level 6.3 Dodging
 + Level 3.6 Shields
 - Level 1.0 Spellcasting
 - Level 1.0 Fire Magic


You had 9 spell levels left.
You knew the following spells:

 Your Spells              Type           Power      Damage    Failure   Level
a - Foxfire               Conj/Fire      8%         2x1d4     26%         1

Your spell library contained the following spells:

 Spells                   Type           Power      Damage    Failure   Level
 Passwall                 Tmut/Erth      0%         N/A       43%         2
 Swiftness                Air            0%         N/A       67%         3
 Invisibility             Hex            0%         N/A       100%        6


Dungeon Overview and Level Annotations

Branches:
Dungeon (7/15)            Ossuary (visited)
 Temple: D:4-7

Altars:
Ashenzari
Dithmenos
Okawaru
Yredelemnul
The Shining One

Annotations:
D:7 Joseph


Message History

Joseph hits you with a +0 quarterstaff!!
You closely miss Joseph.
Joseph is lightly wounded.
Joseph hits you with a +0 quarterstaff!
* * * LOW HITPOINT WARNING * * *
You are too injured to fight recklessly!
Casting: Foxfire (safe; 26% risk of failure)
Confirm with . or Enter, or press ? or * to list all spells.
You don't know that spell.
Casting: Foxfire (safe; 26% risk of failure)
Confirm with . or Enter, or press ? or * to list all spells.
Okay, then.
Unknown command.
Unknown command.
The tremorstone explodes into fragments!
The burst of rock shards engulfs Joseph!!
You hear a shout!
You block Joseph's attack.
Unknown command.
Unknown command.
Cleave: a) -1 hand axe (flame)
Press: ? - help, Dir - move target, f - Joseph
Aim: Joseph, wielding a +0 quarterstaff, wearing a +2 leather armour of fire resistance and quivering sling bullets (heavily wounded, about 41% to evade your -1 hand axe of flaming)
Okay, then.
Unknown command.
The tremorstone explodes into fragments!
The tin is emptied!
Joseph hits you with a +0 quarterstaff!
* * * LOW HITPOINT WARNING * * *
Unknown command.
Unknown command.
You barely miss Joseph.
Joseph is heavily wounded.
Joseph barely misses you.
You hit Joseph but do no damage.
Joseph is heavily wounded.
Joseph barely misses you.
You barely miss Joseph.
Joseph is heavily wounded.
Joseph hits you with a +0 quarterstaff!
You die...

#########
......@.# ###
#@#
#....#.######
#....!....#
......#.####.#
.#.##.#.# #.#
.. . ..# #.#
##.######.#####
.. #.........#
## #..##.###.#


You could see Joseph.

Vanquished Creatures
  A water moccasin (D:6)
  A sky beast (D:6)
  A necrophage (D:6)
  A centaur (D:5)
  4 ogres
  3 phantoms (D:5)
  A wyvern zombie (D:5)
  A bullfrog (D:6)
  6 water moccasin zombies (Ossuary)
  A scorpion (D:5)
  2 centaur zombies
  2 hounds
  A gnoll shaman (D:6)
  2 iguanas
  3 mummies
  Robin (D:4)
  5 gnolls (D:6)
  An adder (D:4)
  A shadow imp (D:6)
  3 white imps (D:5)
  3 ufetubi
  5 adder zombies (Ossuary)
  An adder skeleton (D:4)
  4 dart slugs (D:4)
  3 orcs
  6 gnoll zombies (Ossuary)
  5 hobgoblins (D:4)
  2 quokkas
  2 ball pythons (D:4)
  A frilled lizard (D:2)
  13 goblins
  5 hobgoblin zombies (Ossuary)
  3 kobolds
  5 kobold zombies (Ossuary)
  6 orc zombies (Ossuary)
  3 rats
108 creatures vanquished.

Vanquished Creatures (others)
  183 foxfires
  2 plants (D:3)
185 creatures vanquished.

Grand Total: 293 creatures vanquished

Notes
Turn   | Place    | Note
-------+----------+-------------------------------------------
     0 | D:1      | McIrco the Human Cinder Acolyte began the quest for the
                  | Orb.
     0 | D:1      | Reached XP level 1. HP: 18/18 MP: 2/2
   418 | D:2      | Found a basalt altar of Yredelemnul.
   468 | D:2      | Reached XP level 2. HP: 13/24 MP: 3/3
  1188 | D:4      | Noticed Robin
  1193 | D:4      | Reached XP level 3. HP: 29/30 MP: 4/4
  1202 | D:4      | Killed Robin
  1203 | D:4      | Reached skill level 4 in Fighting
  1331 | D:4      | Reached XP level 4. HP: 21/38 MP: 5/5
  1492 | D:4      | Noticed an ogre
  1497 | D:4      | Killed an ogre
  1498 | D:4      | Reached skill level 5 in Fighting
  1498 | D:4      | Reached skill level 1 in Armour
  1498 | D:4      | Reached skill level 1 in Dodging
  1498 | D:4      | Reached XP level 5. HP: 44/44 MP: 4/6
  1605 | D:4      | Noticed an ogre
  1610 | D:4      | Killed an ogre
  1611 | D:4      | Reached XP level 6. HP: 51/51 MP: 5/7
  1628 | D:5      | Entered Level 5 of the Dungeon
  1797 | D:5      | Reached skill level 1 in Shields
  1879 | D:5      | Reached XP level 7. HP: 16/57 MP: 8/8
  2112 | D:5      | Reached skill level 6 in Fighting
  3251 | D:5      | Found an iron altar of Okawaru.
  3303 | D:5      | Reached XP level 8. HP: 61/65 MP: 9/9
  3504 | D:6      | Found a sand-covered staircase.
  3638 | Ossuary  | Entered an ossuary
  4574 | D:6      | Reached skill level 7 in Fighting
  4574 | D:6      | Reached skill level 5 in Dodging
  4624 | D:6      | Reached XP level 9. HP: 28/72 MP: 6/10
  4667 | D:6      | Found a glowing golden altar of the Shining One.
  4687 | D:6      | Found a broken altar of Ashenzari.
  4704 | D:6      | HP: 1/72 [gnoll shaman (10)]
  5856 | D:7      | Found a shadowy altar of Dithmenos.
  5876 | D:7      | Noticed Joseph
  5888 | D:7      | Slain by Joseph

Illustrated notes

Levels and vault maps discovered:
D:1:      wander_arrival_lonely_grave, layout_rooms, basic_ecumenical_altar
D:2:      layout_basic, basic_altar, minmay_pentomino_w4
D:3:      layout_basic, mainiacjoe_overflow_chevrons,
          mainiacjoe_overflow_boulevard, minmay_divided_ellipse
D:4:      layout_rooms, lemuel_temple_firewalk_a, uniq_robin
D:5:      layout_rooms, okawaru_trees_1, interstate_on_off, corexii_corridor_pit
D:6:      layout_cave_pools, overflow_temple_1_default,
          nicolae_overflow_hidden_temple, gup_ossuary_entry_pyramid
D:7:      layout_loops_corners, grunt_dithmenos_smoke_and_mirrors,
          minmay_circle_x, uniq_joseph

Skill      XL: |  1  2  3  4  5  6  7  8  9 |
---------------+----------------------------+-----
Fighting       | 4 5 6 7 |  7.8
Armour         | 1 2 3 4 |  4.8
Dodging        | 1 2 3 5 6 |  6.3
Shields        | 1 3 |  3.6
Axes           | |  3.0
Spellcasting   | |  1.0
Fire Magic     | |  1.0

Action                   |  1- 3 |  4- 6 |  7- 9 || total
-------------------------+-------+-------+-------++-------
Melee: Hand axe          |    62 |    53 |   416 ||   531
 Cast: Foxfire           |       |     3 |    30 ||    33
Invok: Foxfire Swarm     |     2 |     3 |     3 ||     8
Evoke: Tin of tremorston |       |       |     2 ||     2
  Use: Scroll            |       |       |     3 ||     3
Armor: Leather armour    |    12 |    16 |    80 ||   108
       Robe              |     1 |       |       ||     1
Dodge: Dodged            |    40 |    45 |   316 ||   401
Block: Buckler           |     3 |     8 |    75 ||    86

Table legend: (Time is in decaauts)
 A = Elapsed time spent in this place.
 B = Non-inter-level travel time spent in this place.
 C = Inter-level travel time spent in this place.
 D = Time resting spent in this place.
 E = Time spent auto-exploring this place.
 F = Levels seen in this place.
 G = Mean time per level.
                   A        B        C        D        E       F      G
               +--------+--------+--------+--------+--------+-----+--------+
         Total |   5987 |   5839 |    148 |   2082 |   2669 |   8 |  748.4 |
       Dungeon |   5031 |   4883 |    148 |   1803 |   2275 |   7 |  718.7 |
       Ossuary |    955 |    955 |      0 |    279 |    394 |   1 |  955.0 |
               +--------+--------+--------+--------+--------+-----+--------+

Top non-repeatable levels by time:
     D:6: 1452 daAuts
     D:4: 1435 daAuts
     D:2: 1141 daAuts
 Ossuary: 955 daAuts
     D:5: 916 daAuts
     D:7: 45 daAuts
     D:3: 31 daAuts
     D:1: 9 daAuts
